 Dungeon Sprint DCSS version 0.28-a0-422-gd71735cc25 (webtiles) character file.

Game seed: 3685699350498495555

17029 MikeHunt the Frost Mage (level 12, 0/91 HPs)
             Began as a Demonspawn Ice Elementalist on Sept 9, 2021.
             Was the Champion of Sif Muna.
             Engulfed by a death drake's foul pestilence (10 damage)
             ... in the Dungeon (Sprint III: "The Ten Rune Challenge").
             The game lasted 00:18:53 (3387 turns).

MikeHunt the Frost Mage (DsIE)                      Turns: 3387, Time: 00:18:54

Health: 0/91       AC: 24    Str: 10    XL:     12   Next: 15%
Magic:  9/27       EV: 12    Int: 21    God:    Sif Muna [******]
Gold:   1319       SH:  0    Dex: 21    Spells: 19/33 levels left

rFire   + . .      SeeInvis .   w - +2 long sword (vorpal)
rCold   . . .      Faith    .   (no shield)
rNeg    . . .      Spirit   .   g - +6 scale mail of Latul {Drain rF+ Dex+8 Slay+2}
rPois   .          Reflect  .   (no helmet)
rElec   .          Harm     .   j - +1 cloak
rCorr   .          Rampage  .   (no gloves)
Will    .....      NoTele   +   t - +0 pair of boots
Stlth   +.........              (no amulet)
HPRegen 0.25/turn               (no ring)
MPRegen 0.40/turn               (no ring)

@: mighty, lethally poisoned (0 -> -18), sanguine armoured, freezing walls
A: hooves 1, powered by pain 2, magic regeneration, sanguine armour 1
a: Renounce Religion, Channel Magic, Forget Spell, Divine Exegesis


You were in the Dungeon.
You worshipped Sif Muna.
Sif Muna was exalted by your worship.
You visited 1 branch You collected 2328 gold pieces.
You spent 1009 gold pieces at shops.

Inventory:

Hand Weapons
 h - a +2 quarterstaff of chaos
 w - a +2 vorpal long sword (weapon)
 x - a +0 eveningstar
Missiles
 k - 8 javelins
 v - 6 curare-tipped darts
Armour
 a - a +0 robe
 d - a +1 troll leather armour {Snorg}
 g - the +6 scale mail of Latul (worn) {Drain rF+ Dex+8 Slay+2}
   (You bought it in a shop in the Dungeon)

   Dex:       It affects your dexterity (+8).
   Slay:      It affects your accuracy & damage with ranged weapons and melee
   (+2).
   rF:        It protects you from fire.
   Drain:     It drains your maximum health when unequipped.
 j - a +1 cloak (worn)
 n - a +0 kite shield of reflection {Donald}
 s - a +0 robe of cold resistance
 t - a +0 pair of boots (worn)
Scrolls
 i - a scroll of amnesia
 m - a scroll of holy word
 p - a scroll of immolation
 q - a scroll of enchant armour
 u - a scroll of fog
Potions
 c - 2 potions of heal wounds
 e - 2 potions of magic
 l - 4 potions of mutation {unknown}
 o - a potion of attraction {unknown}
 r - a potion of lignification {unknown}
Miscellaneous
 f - a lightning rod (inert)


   Skills:
 - Level 7.4 Fighting
 - Level 6.9 Long Blades
 + Level 3.5 Maces & Flails
 - Level 8.6 Armour
 - Level 7.1 Dodging
 - Level 2.9 Stealth
 + Level 3.5 Shields
 - Level 11.1 Spellcasting
 - Level 13.0 Conjurations
 - Level 6.4 Hexes
 - Level 6.4 Summonings
 - Level 13.9 Ice Magic
 - Level 9.8 Invocations
 - Level 6.5 Evocations


You had 19 spell levels left.
You knew the following spells:

 Your Spells              Type           Power      Damage    Failure   Level
a - Hailstorm             Conj/Ice       62%        3d13      1%          4
b - Frozen Ramparts       Ice            100%       1d12      1%          3
c - Summon Guardian Gole  Hex/Summ       38%        N/A       6%          3
e - Freeze                Ice            100%       1d11      1%          1
x - Ozocubu's Armour      Ice            63%        N/A       1%          3

Your spell library contained the following spells:

 Spells                   Type           Power      Damage    Failure   Level
 Magic Dart               Conj           100%       1d8       1%          1
 Summon Small Mammal      Summ           100%       N/A       1%          1
 Dazzling Flash           Conj/Hex       100%       N/A       1%          3
 Slow                     Hex            38%        N/A       3%          2
 Fulminant Prism          Conj/Hex       25%        3d14      5%          4
 Confusing Touch          Hex            38%        N/A       6%          3
 Stone Arrow              Conj/Erth      78%        3d11      6%          3
 Tukima's Dance           Hex            38%        N/A       6%          3
 Metabolic Englaciation   Hex/Ice        26%        N/A       12%         5
 Mephitic Cloud           Conj/Pois/Air  29%        N/A       14%         3
 Ice Form                 Ice/Tmut       40%        N/A       17%         4
 Cause Fear               Hex            19%        N/A       21%         4
 Iskenderun's Mystic Bla  Conj/Tloc      39%        2d9       21%         4
 Inner Flame              Hex/Fire       25%        N/A       22%         3
 Portal Projectile        Hex/Tloc       50%        N/A       22%         3
 Apportation              Tloc           22%        N/A       28%         1
 Beastly Appendage        Tmut           22%        N/A       28%         1
 Wereblood                Tmut           11%        N/A       41%         2
 Lightning Bolt           Conj/Air       19%        1d34      50%         5
 Summon Mana Viper        Hex/Summ       38%        N/A       50%         5
 Gell's Gravitas          Tloc           5%         N/A       65%         3
 Lesser Beckoning         Tloc           11%        N/A       65%         3
 Spider Form              Tmut/Pois      5%         N/A       65%         3
 Swiftness                Air            11%        N/A       65%         3
 Teleport Other           Tloc           11%        N/A       65%         3
 Orb of Destruction       Conj           30%        9d11      75%         7
 Silence                  Hex/Air        12%        N/A       91%         5
 Simulacrum               Ice/Necr       20%        N/A       95%         6
 Iron Shot                Conj/Erth      19%        9d4       97%         6
 Summon Cactus Giant      Summ           19%        N/A       97%         6
 Spellforged Servitor     Conj/Summ      25%        N/A       99%         7
 Malign Gateway           Summ/Tloc      12%        N/A       100%        7
 Monstrous Menagerie      Summ           19%        N/A       100%        7
 Discord                  Hex            19%        N/A       100%        8
 Chain Lightning          Conj/Air       19%        3d26      100%        9
 Fire Storm               Conj/Fire      19%        8d5       100%        9
 Shatter                  Erth           5%         3d8*      100%        9


Dungeon Overview and Level Annotations

Branches:
Dungeon (1/1)

Altars:
Cheibriados
Dithmenos
Elyvilon
Fedhas
Gozag
Hepliaklqana
Kikubaaqudgha
Makhleb
Nemelex Xobeh
Okawaru
Qazlal
Ru
Sif Muna
Trog
Uskayaw
Vehumet
Wu Jian
Xom
Yredelemnul
Zin
The Shining One
Beogh
Jiyva
Lugonu

Shops:
D *


Innate Abilities, Weirdness & Mutations

You have large cloven feet.
You sometimes gain power by taking damage.
You regenerate magic rapidly.
When seriously injured, your bleeding wounds create armour. (AC +6)


Message History

Here: a death drake (foul pestilence, heavily wounded, ally target)
The floor.
Casting: Summon Guardian Golem (mildly dangerous; 6% risk of failure)
Confirm with . or Enter, or press ? or * to list all spells.
Casting: Frozen Ramparts (safe; 1% risk of failure)
Press: ? - help, Dir - look around, f - activate
There is a cloud of foul pestilence here.
The walls around you are covered in ice.
You are engulfed in dark miasma.
You are lethally poisoned!
* * * LOW HITPOINT WARNING * * *
You feel extremely sick.
The wall freezes the death drake.
The death drake seems to slow down.
The death drake misses you.
You feel better.
You are engulfed in dark miasma.
You are poisoned.
* * * LOW HITPOINT WARNING * * *
You feel very sick.
The wall freezes the death drake!
The death drake seems to slow down.
The death drake bites you but does no damage.
The lightning rod is presently inert.
Unknown command.
Aiming: Freeze (safe; 1% risk of failure)
Press: ? - help, Q - select action, (/) - cycle Shift-Dir - straight line, f - death drake
Aim: a death drake (severely wounded, slow, ally target)
You can't see any item there.
You freeze the death drake!
The death drake is severely wounded.
The death drake seems to slow down.
You are engulfed in dark miasma.
You are lethally poisoned!
* * * LOW HITPOINT WARNING * * *
x2 You focus on the pain.
You feel very mighty all of a sudden.
You feel extremely sick.
The wall freezes the death drake.
The death drake bites you but does no damage.
You feel better.
You are engulfed in dark miasma.
You are lethally poisoned!
You die...

.♣♣.....♣♣♣♣≈≈≈........≈≈≈...##.#
≈♣♣.≈≈≈≈'♣♣'♣≈≈≈≈≈≈≈≈≈≈≈≈♣♣..'.#.
≈≈'.....#.≈♣♣♣♣♣♣♣♣♣♣♣♣♣♣♣♣PP##.#
≈♣♣♣♣♣♣♣#..♣♣ ♣♣♣##)# ≈♣
###†♣♣♣♣♣♣♣♣♣♣♣♣♣♣ #... ##
♣♣♣♣.##..##≈≈≈≈≈≈.. #.).
♣...##.##.#≈≈≈≈≈... #...
♣♣.##.##†##†≈≈≈≈≈# ####
♣..#†##.@k#≈†.○☼☼☼
♣♣.##.##.9#≈..+###
♣♣†##.#####...# ♣.....# ...#
####### ####


You could see a death drake (slow, ally target) and a friendly guardian golem
(summoned).

Vanquished Creatures
  Frances (D)
  Donald (D)
  Snorg (D)
  2 hydras (D)
  A centaur warrior (D)
  An orc high priest (D)
  Urug (D)
  A deep elf knight (D)
  A lindwurm (D)
  2 deep elf pyromancers (D)
  An orc knight (D)
  3 deep elf zephyrmancers (D)
  A rime drake (D)
  2 cane toads (D)
  An unseen horror (D)
  A komodo dragon (D)
  3 wandering mushrooms (D)
  2 tyrant leeches (D)
  A queen bee (D)
  5 blink frogs (D)
  3 redbacks (D)
  A shadow (D)
  A spatial vortex (D)
  2 orc warriors (D)
  A necrophage (D)
  2 centaurs (D)
  A water elemental (D)
  32 killer bees (D)
  An electric eel (D)
  A jelly (D)
  Crazy Yiuf (D)
  2 orc priests (D)
  Jessica (D)
  A necromancer (D)
  3 orc wizards (D)
  A wizard (D)
  3 humans (D)
  A kobold demonologist (D)
  9 orcs (D)
  2 endoplasms (D)
  A rat (D)
102 creatures vanquished.

Vanquished Creatures (others)
  A swamp drake (D)
  A plant (D)
2 creatures vanquished.

Grand Total: 104 creatures vanquished

Notes
Turn   | Place    | Note
-------+----------+-------------------------------------------
     0 | D        | MikeHunt the Demonspawn Ice Elementalist began the quest
                  | for the Orb.
     0 | D        | Reached XP level 1. HP: 13/13 MP: 3/3
   100 | D        | Noticed Jessica
   106 | D        | Killed Jessica
   107 | D        | Gained mutation: You sometimes gain a little power by
                  | taking damage. [demonic ancestry]
   107 | D        | Reached XP level 2. HP: 19/19 MP: 2/7
   107 | D        | Reached XP level 3. HP: 24/24 MP: 2/9
   111 | D        | Learned a level 3 spell: Frozen Ramparts
   115 | D        | Learned a level 3 spell: Ozocubu's Armour
   140 | D        | Reached skill level 5 in Spellcasting
   140 | D        | Reached skill level 5 in Ice Magic
   349 | D        | Noticed Crazy Yiuf
   362 | D        | Killed Crazy Yiuf
   363 | D        | Gained mutation: When seriously injured, your bleeding
                  | wounds create armour. (AC +6) [demonic ancestry]
   363 | D        | Reached XP level 4. HP: 30/30 MP: 4/12
   422 | D        | Noticed a water elemental
   426 | D        | Killed a water elemental
   442 | D        | Found a radiant altar of Vehumet.
   443 | D        | Found a shimmering blue altar of Sif Muna.
   443 | D        | Found an ancient bone altar of Kikubaaqudgha.
   443 | D        | Noticed a wizard
   446 | D        | Noticed a smoke demon
   447 | D        | Reached XP level 5. HP: 35/35 MP: 4/14
   466 | D        | Became a worshipper of Sif Muna the Loreminder
   478 | D        | Learned a level 4 spell: Hailstorm
   528 | D        | Found a basalt altar of Yredelemnul.
   528 | D        | Found a shadowy altar of Dithmenos.
   528 | D        | Found a sacrificial altar of Ru.
   528 | D        | Noticed a necrophage
   535 | D        | Killed a necrophage
   536 | D        | Reached XP level 6. HP: 26/41 MP: 6/16
   600 | D        | Noticed a deep elf pyromancer
   601 | D        | Noticed a fire elemental
   601 | D        | Noticed a fire elemental
   602 | D        | Noticed a fire elemental
   603 | D        | Killed a deep elf pyromancer
   603 | D        | Reached * piety under Sif Muna
   604 | D        | Reached skill level 10 in Ice Magic
   604 | D        | Gained mutation: You regenerate magic rapidly. [demonic
                  | ancestry]
   604 | D        | Reached XP level 7. HP: 16/46 MP: 5/18
   799 | D        | Found a hide-covered altar of Uskayaw.
   799 | D        | Found an iron altar of Okawaru.
   799 | D        | Found a bloodstained altar of Trog.
   799 | D        | Found an ornate altar of the Wu Jian Council.
   799 | D        | Noticed a human
   800 | D        | Noticed a human
   803 | D        | Killed a human
   808 | D        | Killed a human
   809 | D        | Reached XP level 8. HP: 15/52 MP: 9/19
  1051 | D        | Reached ** piety under Sif Muna
  1052 | D        | Reached skill level 1 in Invocations
  1138 | D        | Found a blossoming altar of Fedhas.
  1138 | D        | Found a stormy altar of Qazlal.
  1138 | D        | Found a snail-covered altar of Cheibriados.
  1138 | D        | Found a burning altar of Makhleb.
  1138 | D        | Found a shimmering altar of Xom.
  1139 | D        | Found a hazy altar of Hepliaklqana.
  1139 | D        | Found an opulent altar of Gozag.
  1139 | D        | Found a sparkling altar of Nemelex Xobeh.
  1139 | D        | Found a corrupted altar of Lugonu.
  1139 | D        | Found a viscous altar of Jiyva.
  1223 | D        | Reached *** piety under Sif Muna
  1236 | D        | Reached skill level 5 in Invocations
  1236 | D        | Reached skill level 1 in Evocations
  1321 | D        | Noticed an orc knight
  1329 | D        | Reached **** piety under Sif Muna
  1334 | D        | Killed an orc knight
  1335 | D        | Reached skill level 5 in Fighting
  1335 | D        | Reached skill level 5 in Dodging
  1335 | D        | Gained mutation: You sometimes gain power by taking damage.
                  | [demonic ancestry]
  1335 | D        | Reached XP level 9. HP: 35/68 MP: 7/20
  1380 | D        | Noticed an orc high priest
  1382 | D        | Reached ***** piety under Sif Muna
  1384 | D        | Noticed an ice devil
  1384 | D        | Noticed a sixfirhy
  1384 | D        | Received a gift from Sif Muna
  1387 | D        | Killed an orc high priest
  1388 | D        | Reached skill level 5 in Evocations
  1547 | D        | Found Omaesuh's General Store.
  1569 | D        | Bought a scroll of blinking for 90 gold pieces
  1569 | D        | Bought a scroll of identify for 24 gold pieces
  1569 | D        | Bought a potion of curing for 36 gold pieces
  1569 | D        | Bought a scroll of fog for 24 gold pieces
  1572 | D        | Bought a scroll of identify for 24 gold pieces
  1587 | D        | Noticed Snorg
  1605 | D        | Killed Snorg
  1605 | D        | Received a gift from Sif Muna
  1606 | D        | Got Sif Muna's Wizardry in Simple Steps {god gift}
  1927 | D        | Learned a level 3 spell: Summon Guardian Golem
  2034 | D        | Noticed a centaur warrior
  2040 | D        | Reached skill level 1 in Hexes
  2040 | D        | Reached skill level 1 in Summonings
  2041 | D        | Killed a centaur warrior
  2042 | D        | Reached XP level 10. HP: 56/79 MP: 8/21
  2073 | D        | Reached skill level 5 in Hexes
  2073 | D        | Reached skill level 5 in Summonings
  2117 | D        | Received a gift from Sif Muna
  2118 | D        | Got Sif Muna's Early Guide to Casting {god gift}
  2181 | D        | Noticed a cane toad
  2181 | D        | Noticed a cane toad
  2184 | D        | Killed a cane toad
  2190 | D        | Killed a cane toad
  2191 | D        | Reached skill level 5 in Armour
  2307 | D        | Received a gift from Sif Muna
  2308 | D        | Reached skill level 10 in Spellcasting
  2308 | D        | Got Sif Muna's Papyrus of Combat Magic and Orientation {god
                  | gift}
  2375 | D        | Reached ****** piety under Sif Muna
  2378 | D        | Received a gift from Sif Muna
  2379 | D        | Reached XP level 11. HP: 62/84 MP: 25/25
  2381 | D        | Received a gift from Sif Muna
  2382 | D        | Got Sif Muna's Compendium of Entrancing Orientation {god
                  | gift}
  2382 | D        | Got Bunteck's Compendium of Shifting Fascination {god gift}
  2386 | D        | Received a gift from Sif Muna
  2390 | D        | Got Sif Muna's Volume of Enthralling Conjuration {god gift}
  2448 | D        | Bought the +6 scale mail of Latul {Drain rF+ Dex+8 Slay+2}
                  | for 811 gold pieces
  2490 | D        | Noticed Donald
  2490 | D        | Noticed Frances
  2497 | D        | Noticed a sun demon
  2497 | D        | Killed Donald
  2498 | D        | Reached skill level 10 in Conjurations
  2498 | D        | Killed Frances
  2677 | D        | Noticed a deep elf pyromancer
  2677 | D        | Noticed a deep elf zephyrmancer
  2677 | D        | Noticed a deep elf zephyrmancer
  2677 | D        | Noticed a deep elf knight
  2677 | D        | Noticed a deep elf zephyrmancer
  2685 | D        | Killed a deep elf zephyrmancer
  2688 | D        | Killed a deep elf zephyrmancer
  2689 | D        | Killed a deep elf pyromancer
  2689 | D        | Received a gift from Sif Muna
  2690 | D        | Killed a deep elf zephyrmancer
  2692 | D        | Killed a deep elf knight
  2696 | D        | Noticed a deep elf demonologist
  2767 | D        | Reached skill level 1 in Long Blades
  3014 | D        | Received a gift from Sif Muna
  3040 | D        | Noticed a lindwurm
  3045 | D        | Killed a lindwurm
  3046 | D        | Reached skill level 5 in Long Blades
  3217 | D        | Noticed Urug
  3225 | D        | Killed Urug
  3226 | D        | Gained mutation: You have large cloven feet. [demonic
                  | ancestry]
  3226 | D        | Reached XP level 12. HP: 56/91 MP: 22/27
  3365 | D        | Noticed a four-headed hydra
  3365 | D        | Noticed a six-headed hydra
  3372 | D        | Killed a four-headed hydra
  3375 | D        | Killed a six-headed hydra
  3375 | D        | Received a gift from Sif Muna
  3376 | D        | Got Sif Muna's Disquisition on Calling {god gift}
  3386 | D        | HP: 4/91 [poisoned by a death drake (dark miasma)]
  3387 | D        | Engulfed by a death drake's foul pestilence

Illustrated notes

Levels and vault maps discovered:
D:        dungeon_sprint_mu [sprint_mu_entry_cave, sprint_mu_temple_rooms,
          sprint_mu_d1_horrors, sprint_mu_d2_genie, sprint_mu_d3_branching,
          sprint_mu_orc_legion, sprint_mu_elf_gauntlet, sprint_mu_hive_nellie,
          sprint_mu_lair_fedhas, sprint_mu_vaults_butterflies,
          sprint_mu_slime_circle, sprint_mu_swamp_cave, sprint_mu_shoals_kraken,
          sprint_mu_blade_basic, sprint_mu_crypt_lich, sprint_mu_tomb_spiral,
          sprint_mu_vestibule_basic, sprint_mu_gehenna_hellfire,
          sprint_mu_dis_giant, sprint_mu_tartarus_statrot,
          sprint_mu_cocytus_islands, sprint_mu_zot1]

Skill      XL: |  1  2  3  4  5  6  7  8  9 10 11 12 |
---------------+-------------------------------------+-----
Spellcasting   | 4 6 7 10 11 | 11.1
Ice Magic      | 4 5 7 8 10 11 13 | 13.9
Conjurations   | 4 8 9 13 | 13.0
Dodging        | 5 7 |  7.1
Invocations    | 7 9 |  9.8
Fighting       | 5 7 |  7.4
Evocations     | 4 6 |  6.5
Armour         | 2 7 8 |  8.6
Hexes          | 4 6 |  6.4
Summonings     | 4 6 |  6.4
Stealth        | 2 |  2.9
Long Blades    | 6 |  6.9
Maces & Flails | 3 |  3.5
Shields        | 3 |  3.5

Action                   |  1- 3 |  4- 6 |  7- 9 | 10-12 || total
-------------------------+-------+-------+-------+-------++-------
Melee: Quarterstaff      |       |       |    22 |    22 ||    44
       Long sword        |       |       |       |     3 ||     3
Throw: Javelin           |     4 |       |       |       ||     4
       Dart              |       |       |       |     1 ||     1
 Cast: Freeze            |    11 |    12 |    38 |    32 ||    93
       Frozen Ramparts   |     2 |     4 |    10 |    17 ||    33
       Hailstorm         |       |     2 |    15 |    22 ||    39
       Ozocubu's Armour  |       |       |     5 |    11 ||    16
       Summon Guardian G |       |       |       |     3 ||     3
Evoke: Lightning rod     |       |       |     1 |    13 ||    14
  Use: Potion            |       |       |     2 |     3 ||     5
       Scroll            |       |       |     6 |       ||     6
 Stab: Sleeping          |       |       |     1 |       ||     1
       Confused          |       |       |       |     1 ||     1
Armor: Robe              |       |     2 |     5 |       ||     7
       Troll leather arm |       |       |     5 |    16 ||    21
       Scale mail        |       |       |       |    24 ||    24
Dodge: Dodged            |     3 |     7 |    37 |    67 ||   114

Table legend: (Time is in decaauts)
 A = Elapsed time spent in this place.
 B = Non-inter-level travel time spent in this place.
 C = Inter-level travel time spent in this place.
 D = Time resting spent in this place.
 E = Time spent auto-exploring this place.
 F = Levels seen in this place.
 G = Mean time per level.
                   A        B        C        D        E       F      G
               +--------+--------+--------+--------+--------+-----+--------+
         Total |   3425 |   3305 |    120 |   2222 |      0 |   1 | 3425.0 |
       Dungeon |   3425 |   3305 |    120 |   2222 |      0 |   1 | 3425.0 |
               +--------+--------+--------+--------+--------+-----+--------+

Top non-repeatable levels by time:
       D: 3425 daAuts
